 Dungeon Crawl Stone Soup version 0.31-a0-237-g2d982f9f85 (webtiles) character file.

Game seed: 12940584667750829409

350 qw the Shooter (level 6, -19/52 HPs)
             Began as a Minotaur Hexslinger on July 11, 2023.
             Was an Initiate of Okawaru.
             Demolished by an ogre
             ... wielding a +0 giant club
              (23 damage)
             ... on level 5 of the Dungeon.
             The game lasted 00:01:23 (3641 turns).

qw the Shooter (Minotaur Hexslinger)                Turns: 3641, Time: 00:01:24

Health: -19/52     AC:  5    Str: 13      XL:     6   Next: 34%
Magic:  6/6        EV: 12    Int: 10      God:    Okawaru [......]
Gold:   359        SH:  0    Dex: 13 (14) Spells: 6/7 levels left

rFire   . . .        Y - +1 sling
rCold   + . .        (no shield)
rNeg    . . .        f - +1 robe {rC+}
rPois   .            (helmet restricted)
rElec   .            (no cloak)
rCorr   .            (no gloves)
SInv    .            l - +1 pair of boots
Will    .....        (no amulet)
Stlth   +            (no ring)
HPRegen 0.28/turn    (no ring)
MPRegen 0.10/turn

%: no passive effects
@: about to teleport
A: horns 2, retaliatory headbutt
a: Renounce Religion


You were on level 5 of the Dungeon.
You worshipped Okawaru.
Okawaru was noncommittal.
You visited 2 branches of the dungeon, and saw 6 of its levels.

You collected 359 gold pieces.


Innate Abilities, Weirdness & Mutations

You have a pair of horns on your head.
You reflexively headbutt those who attack you in melee.


   Skills:
 - Level 4.1 Fighting
 + Level 6.4 Ranged Weapons
 - Level 2.1 Dodging
 - Level 1.0 Spellcasting
 - Level 2.0 Hexes


You had 6 spell levels left.
You knew the following spells:

 Your Spells              Type           Power      Damage    Failure   Level
a - Slow                  Hex            16%        N/A       16%         1

Your spell library contained the following spells:

 Spells                   Type           Power      Damage    Failure   Level
 Inner Flame              Hex/Fire       2%         N/A       56%         3
 Portal Projectile        Hex/Tloc       4%         N/A       56%         3
 Cause Fear               Hex            2%         N/A       83%         4

Inventory:

Hand Weapons
 Y - a +1 sling (weapon)
Armour
 c - a +0 ring mail
 f - a +1 robe of cold resistance (worn)
 l - a +1 pair of boots (worn)
Jewellery
 n - a ring of ice
Scrolls
 a - a scroll of identify
Potions
 b - 2 potions of curing
 e - a potion of enlightenment {unknown}
 g - a potion of haste {unknown}
 h - a potion of lignification {unknown}
 j - a potion of berserk rage {unknown}

Dungeon Overview and Level Annotations

Branches:
Dungeon (5/15)             Temple (1/1) D:5

Altars:
Ashenzari
Cheibriados
Dithmenos
Elyvilon
Fedhas
Gozag
Hepliaklqana
Kikubaaqudgha
Nemelex Xobeh
Okawaru
Qazlal
Ru
Sif Muna
Vehumet
Wu Jian
Xom
Yredelemnul
Zin
The Shining One

Shops:
D:3 :

Annotations:
D:5 Grinder


Message History

You shoot a sling bullet. The sling bullet hits Grinder.
Grinder is lightly wounded.
You shoot a sling bullet.
The sling bullet hits Grinder but does no damage.
Grinder is lightly wounded.
Grinder gestures at you.
You suddenly lose the ability to move!
Grinder gestures at you. Pain shoots through your body!
You can move again.
You shoot a sling bullet. The sling bullet hits Grinder.
Grinder is lightly wounded.
Grinder hits you.
You writhe in agony.
You shoot a sling bullet.
The sling bullet closely misses Grinder.
Grinder hits you.
You writhe in agony.
You shoot a sling bullet. The sling bullet barely misses Grinder.
Grinder hits you but does no damage. Grinder hits you.
You writhe in agony.
3636 ||| READING 2 scrolls of teleportation.
As you read the scroll of teleportation, it crumbles to dust.
You feel strangely unstable. Grinder completely misses you.
You shoot a sling bullet. The sling bullet hits Grinder!
Grinder is moderately wounded.
Grinder hits you.
You writhe in agony.
You shoot a sling bullet. The sling bullet barely misses Grinder.
Grinder hits you.
You writhe in agony.
You shoot a sling bullet. The sling bullet hits Grinder.
Grinder is moderately wounded.
Grinder hits you.
You shoot a sling bullet.
The sling bullet closely misses Grinder.
Your surroundings suddenly seem different.
A hound and an ogre come into view.
Found 2 gold pieces.
3641 ||| READING scroll of teleportation.
As you read the scroll of teleportation, it crumbles to dust.
You feel strangely unstable.
The ogre hits you with a +0 giant club!!
You die...

*,,,,,,,,,* *,*###########.#
**,*****,*,* *,*#...........#
**,,,** *,*,*
##**,*#.###########
*,,,,,***,*,* #.,,,*#.#
,,,,,,,,,,*,* #$****#.#
*,,,,,*****,* #.* #.# **,,,**
*,* #.* #.# ***,*******,*
#.#####.######### * *,,,,,,,,,*
#.@.....######### * *
******,***###O###....########*#
* *,***,........#.#########<
*,**..#.....#...#########.
*,#..*#..:..##..########*,
*,..**..#.#..##..#######*,
**.##..##.##..##[#######*, ***
*....##...##....#######*, ,,*
*.......>.......#######*,


You could see an ogre.

Vanquished Creatures
  A phantom (D:5)
  2 howler monkeys (D:5)
  A hound (D:5)
  Robin (D:4)
  6 adders
  An ufetubus (D:4)
  A worm (D:4)
  3 dart slugs
  5 orcs
  11 endoplasms
  3 giant cockroaches (D:1)
  10 hobgoblins
  2 quokkas
  4 ball pythons
  2 bats (D:1)
  4 frilled lizards
  16 goblins
  5 kobolds
  5 rats (D:1)
83 creatures vanquished.

Notes
Turn   | Place    | Note
-------+----------+-------------------------------------------
     0 | D:1      | qw the Minotaur Hexslinger began the quest for the Orb.
     0 | D:1      | Reached XP level 1. HP: 16/16 MP: 1/1
     0 | D:1      | 0 ||| qw: Version: 0.3-a-52-g30416fa
     0 | D:1      | 0 ||| qw: Game counter: 5715
     0 | D:1      | 0 ||| qw: Melee chars always use a shield: true
     0 | D:1      | 0 ||| qw: God list: Okawaru
     0 | D:1      | 0 ||| qw: Allow faded altars: false
     0 | D:1      | 0 ||| qw: Do Orc after clearing Dungeon:15 true
     0 | D:1      | 0 ||| qw: Do second Lair branch before Depths: true
     0 | D:1      | 0 ||| qw: Lair rune preference: random
     0 | D:1      | 0 ||| qw: Goals: Normal
     0 | D:1      | 0 ||| PLANNING D:1-11
   111 | D:1      | Reached skill level 3 in Ranged Weapons
   111 | D:1      | Reached XP level 2. HP: 23/23 MP: 2/2
   389 | D:1      | Reached XP level 3. HP: 29/29 MP: 3/3
   399 | D:1      | 399 ||| UPGRADING to +0 leather armour.
   409 | D:1      | 409 ||| DROPPING +0 robe.
   472 | D:1      | Found a faded altar of an unknown god.
   731 | D:1      | 731 ||| READING 2 scrolls labelled ZIUCVA JYELY.
   732 | D:1      | 732 ||| READING scroll labelled CEAGAE TIDD.
   733 | D:1      | 733 ||| READING 3 scrolls labelled LIDEMU DUDYFUKH.
   734 | D:1      | 734 ||| READING scroll labelled MITUJO RESU.
   738 | D:1      | 738 ||| DROPPING scroll of poison.
   739 | D:1      | 739 ||| DROPPING 2 scrolls of vulnerability.
   822 | D:2      | Reached skill level 4 in Ranged Weapons
  1037 | D:2      | Reached XP level 4. HP: 35/36 MP: 4/4
  1416 | D:2      | 1416 ||| UPGRADING to +1 robe of cold resistance.
  1426 | D:2      | 1426 ||| READING scroll labelled IPOASAS KEJEL.
  1427 | D:2      | 1427 ||| READING scroll labelled TAXAWU KEXUMM.
  1428 | D:2      | 1428 ||| READING 2 scrolls of identify.
  1428 | D:2      | 1428 ||| IDENTIFYING viscous brown potion
  1546 | D:3      | Found Sodem's Book Shop.
  1681 | D:3      | Reached skill level 5 in Ranged Weapons
  2083 | D:3      | 2083 ||| UPGRADING to +0 pair of boots.
  2088 | D:3      | 2088 ||| READING scroll of enchant armour.
  2088 | D:3      | 2088 ||| ENCHANTING +0 pair of boots.
  2089 | D:3      | 2089 ||| DRINKING 2 inky potions.
  2090 | D:3      | 2090 ||| DROPPING potion of invisibility.
  2486 | D:4      | Reached skill level 3 in Fighting
  2487 | D:4      | Noticed Robin
  2495 | D:4      | Killed Robin
  2496 | D:4      | Reached XP level 5. HP: 44/45 MP: 5/5
  2611 | D:4      | HP: 11/45 [poisoned by an adder]
  2612 | D:4      | 2612 ||| READING 2 scrolls of teleportation.
  2864 | D:4      | 2864 ||| DRINKING 2 lumpy black potions.
  2865 | D:4      | 2865 ||| READING 2 scrolls of identify.
  2865 | D:4      | 2865 ||| IDENTIFYING sapphire potion
  2866 | D:4      | 2866 ||| DROPPING potion of brilliance.
  2867 | D:4      | 2867 ||| DROPPING potion of degeneration.
  2879 | D:5      | Entered Level 5 of the Dungeon
  2938 | D:5      | Noticed a phantom
  2962 | D:5      | Killed a phantom
  2963 | D:5      | Reached skill level 6 in Ranged Weapons
  2963 | D:5      | Reached XP level 6. HP: 18/51 MP: 6/6
  3132 | D:5      | Identified the +6 plate armour of Awaorchi {Regen+ MP-9
                  | Dex+3}
  3203 | D:5      | Found a staircase to the Ecumenical Temple.
  3204 | D:5      | 3204 ||| PLANNING TEMPLE
  3204 | D:5      | 3204 ||| DROPPING +0 leather armour.
  3205 | D:5      | 3205 ||| READING scroll labelled XACUAX CEZAJ.
  3205 | D:5      | Noticed Grinder
  3214 | Temple   | Entered the Ecumenical Temple
  3215 | Temple   | 3215 ||| PLANNING OKAWARU WORSHIP
  3605 | Temple   | Became a worshipper of Warmaster Okawaru
  3606 | Temple   | 3606 ||| PLANNING D:1-11
  3628 | D:5      | Paralysed by Grinder for 5 turns
  3635 | D:5      | HP: 13/52 [Grinder (5)]
  3636 | D:5      | 3636 ||| READING 2 scrolls of teleportation.
  3638 | D:5      | HP: 6/52 [Grinder (5)]
  3641 | D:5      | 3641 ||| READING scroll of teleportation.
  3641 | D:5      | Demolished by an ogre

Levels and vault maps discovered:
D:1:      tarquinn_simple_flora_water_d, layout_loops_ring,
          shapermc_ecumenical_altar_mp_urbaneastern, kennysheep_another_room,
          minmay_close_crescents
D:2:      layout_basic, grunt_decor_one_mirror, guppyfry_early_orc_mine
D:3:      layout_loops_cross, serial_shops, shop
D:4:      cheibrodos_helix_gallery, layout_loops_cross, uniq_robin
D:5:      layout_loops_ring, minmay_temple_entry_waves, uniq_grinder
Temple:   compressed_dpeg_triangle_lava_temple

Skill      XL: |  1  2  3  4  5  6 |
---------------+-------------------+-----
Ranged Weapons | 3 4 5 6 |  6.4
Fighting       | 2 3 4 |  4.1
Dodging        | |  2.1
Spellcasting   | |  1.0
Hexes          | |  2.0

Action                     |  1- 3 |  4- 6 || total
---------------------------+-------+-------++-------
   Fire: Sling             |    91 |   183 ||   274
    Use: Scroll            |     4 |     9 ||    13
         Potion            |       |     2 ||     2
 Armour: Robe              |     8 |    24 ||    32
         Leather armour    |     1 |       ||     1
  Dodge: Dodged            |    27 |    55 ||    82

Table legend:
 A = Non-vault XP
 B = Vault XP
 C = Vault XP percentage of total XP
 D = Non-vault monster count
 E = Vault monster count
 F = Vault count percentage of total count
                 A         B        C        D         E       F
            +---------+---------+-------+---------+---------+-------
      Total |     438 |      63 |  12.6 |      58 |      25 |  30.1
            +---------+---------+-------+---------+---------+-------
        D:1 |      40 |       6 |  13.0 |      23 |       4 |  14.8
        D:2 |      52 |      17 |  24.6 |      10 |       7 |  41.2
        D:3 |      32 |       0 |   0.0 |       6 |       0 |   0.0
        D:4 |      46 |      40 |  46.5 |      13 |      14 |  51.9
        D:5 |     268 |       0 |   0.0 |       6 |       0 |   0.0
            +---------+---------+-------+---------+---------+-------
